 Dungeon Crawl Stone Soup version 0.29.0-4-gdea44cf6ec (webtiles) character file.

Game seed: 1735914853794232194

376 qw the Chopper (level 6, -7/35 HPs)
             Began as a Tengu Warper on Aug 28, 2022.
             Mangled by Duvessa
             ... wielding a +0 rapier
              (8 damage)
             ... on level 4 of the Dungeon.
             The game lasted 00:00:23 (3989 turns).

qw the Chopper (Tengu Warper)                       Turns: 3989, Time: 00:00:23

Health: -7/35      AC:  6    Str: 18    XL:     6   Next: 73%
Magic:  0/10       EV: 11    Int: 12    God:
Gold:   183        SH:  4    Dex: 12    Spells: 9/9 levels left

rFire   . . .      SeeInvis .   Y - +1 hand axe (flame)
rCold   + . .      Faith    .   j - +0 buckler
rNeg    + . .      Spirit   +   b - +0 scale mail
rPois   .          Reflect  .   (helmet restricted)
rElec   .          Harm     .   (no cloak)
rCorr   .          Rampage  .   (no gloves)
Will    .....                   (boots unavailable)
Stlth   ..........              i - amulet of guardian spirit
HPRegen 0.11/turn               l - ring of protection from cold
MPRegen 0.12/turn               m - ring of positive energy

@: flying quickly and evasively, quick
A: beak, talons 3, nimble flight, sense surroundings 1, strong 1, evolution 1
a: no special abilities


You were on level 4 of the Dungeon.
You visited 1 branch of the dungeon, and saw 4 of its levels.

You collected 183 gold pieces.


Innate Abilities, Weirdness & Mutations

You have a beak for a mouth.
You have claws for feet.
Your magical nature lets you fly swiftly and evasively.
You passively map a small area around you.
Your muscles are strong. (Str +4, Int/Dex -1)
You have hidden genetic potential.


   Skills:
 - Level 2.0 Fighting
 + Level 6.9 Axes
 - Level 1.0 Throwing
 - Level 1.1 Armour
 - Level 2.1 Dodging
 - Level 2.7 Shields
 - Level 2.0 Spellcasting
 - Level 2.4 Translocations


You had 9 spell levels left.
You didn't know any spells.
Your spell library contained the following spells:

 Spells                   Type           Power      Damage    Failure   Level
 Blink                    Tloc           12%        N/A       56%         2
 Gell's Gravitas          Tloc           6%         N/A       80%         3
 Lesser Beckoning         Tloc           6%         N/A       80%         3
 Teleport Other           Tloc           6%         N/A       80%         3
 Manifold Assault         Tloc           6%         N/A       100%        5

Inventory:

Hand Weapons
 Y - a +1 hand axe of flaming (weapon)
Missiles
 k - 2 boomerangs (quivered)
Armour
 b - a +0 scale mail (worn)
 j - a +0 buckler (worn)
Jewellery
 d - a ring of fire
 i - an amulet of guardian spirit (around neck)
 l - a ring of protection from cold (left hand)
 m - a ring of positive energy (right hand)
 n - a ring of ice
Scrolls
 g - 2 scrolls of identify
Potions
 c - 3 potions of mutation
 f - 2 potions of curing
 h - a potion of haste

Dungeon Overview and Level Annotations

Branches:
Dungeon (4/15)
 Temple: D:4-7

Altars:

Annotations:
D:4 Dowan, Duvessa


Message History

You closely miss Duvessa. Duvessa closely misses you.
Dowan casts a spell.
Dowan blinks!
You hit Duvessa but do no damage. Your kick misses Duvessa.
You peck Duvessa, but do no damage. You hit the orc. You burn the orc.
You block Duvessa's attack. The orc barely misses you.
You hit the orc. You burn the orc. Your kick misses the orc.
The orc is almost dead.
You hit Duvessa. You burn Duvessa. Duvessa hits you with a +0 rapier!
Duvessa hits you with a +0 rapier. The orc hits you but does no damage.
You closely miss the orc. You claw the orc.
You kill the orc!
You hit Duvessa. You burn Duvessa. Duvessa closely misses you.
You hit Duvessa. You burn Duvessa. You claw Duvessa.
You peck Duvessa, but do no damage.
Duvessa is heavily wounded.
You barely miss the orc priest. You block Duvessa's attack.
Duvessa hits you with a +0 rapier.
The orc priest looks encouraged for a moment.
You hit Duvessa but do no damage. Your kick misses Duvessa. You peck Duvessa.
Duvessa is heavily wounded.
You hit the orc priest. You burn the orc priest. Duvessa barely misses you.
The orc priest hits you with a +0 hand axe.
You hit Duvessa. You burn Duvessa. Your kick misses Duvessa.
Your peck misses Duvessa.
Duvessa is heavily wounded.
You hit the orc priest but do no damage.
You block Duvessa's attack. Duvessa hits you but does no damage.
You barely miss Duvessa. You claw Duvessa.
Duvessa is severely wounded.
You hit the orc priest but do no damage.
Dowan gestures wildly while chanting.
Dowan blinks!
The orc priest hits you with a +0 hand axe.
Duvessa hits you with a +0 rapier!
You die...

,.. . , , ** . , .#
*##.##.### *
.ยค.......
###########o# #..#.#
#.........@e#.#..#.# ,
###.######..#.#..#.#
#.######..#.#..#.#
#.#....#.e#.#..#.#
#.#.##+#..#.#..#.#####
#.#.......#.#.......<#
#.#.......#.#......###
#.#.........'......#
#.#.......#.#......#


You could see Duvessa (fast), Dowan and an orc priest.

Vanquished Creatures
  An ice beast (D:4)
  An orc warrior (D:4)
  Terence (D:3)
  An iguana (D:3)
  An orc wizard (D:4)
  3 adders
  A worm (D:3)
  2 dart slugs
  7 orcs
  3 ball pythons
  4 endoplasms
  A giant cockroach (D:2)
  7 goblins
  13 hobgoblins
  3 jackals (D:1)
  3 quokkas
  5 bats
  2 frilled lizards
  9 kobolds
  7 rats
75 creatures vanquished.

Notes
Turn   | Place    | Note
-------+----------+-------------------------------------------
     0 | D:1      | qw the Tengu Warper began the quest for the Orb.
     0 | D:1      | Reached XP level 1. HP: 12/12 MP: 4/4
     0 | D:1      | 0 ||| qw: Version: 0.1-a-89-g26bdef1
     0 | D:1      | 0 ||| qw: Game counter: 3185
     0 | D:1      | 0 ||| qw: Always use a shield: true
     0 | D:1      | 0 ||| qw: God list: Okawaru
     0 | D:1      | 0 ||| qw: Allow faded altars: false
     0 | D:1      | 0 ||| qw: Do Orc after D:15 true
     0 | D:1      | 0 ||| qw: Do second Lair branch before Depths: true
     0 | D:1      | 0 ||| qw: Lair rune preference: random
     0 | D:1      | 0 ||| qw: Plans: Normal
     0 | D:1      | 0 ||| PLANNING D:1-11
   157 | D:1      | Found a faded altar of an unknown god.
   204 | D:1      | HP: 1/12 [frozen (5)]
   205 | D:1      | Reached XP level 2. HP: 1/17 MP: 6/6
   207 | D:1      | Reached skill level 3 in Axes
   750 | D:1      | 750 ||| SWAPPING to +1 hand axe of flaming.
   751 | D:1      | 751 ||| DROPPING +0 hand axe.
   752 | D:1      | 752 ||| DROPPING +0 club.
  1034 | D:1      | 1034 ||| Stepping ~*~*~tactically~*~*~ (stealth).
  1036 | D:1      | 1036 ||| Stepping ~*~*~tactically~*~*~ (stealth).
  1038 | D:1      | 1038 ||| Stepping ~*~*~tactically~*~*~ (stealth).
  1046 | D:1      | 1046 ||| Stepping ~*~*~tactically~*~*~ (stealth).
  1048 | D:1      | 1048 ||| Stepping ~*~*~tactically~*~*~ (stealth).
  1049 | D:1      | 1049 ||| Stepping ~*~*~tactically~*~*~ (stealth).
  1116 | D:1      | Reached XP level 3. HP: 21/21 MP: 7/7
  1436 | D:1      | 1436 ||| READING 2 scrolls labelled DYCOFU ULOAWKUD.
  1437 | D:1      | 1437 ||| DRINKING 3 cyan potions.
  1438 | D:1      | 1438 ||| DROPPING scroll of blinking.
  1537 | D:2      | 1537 ||| Stepping ~*~*~tactically~*~*~ (stealth).
  1582 | D:2      | 1582 ||| Stepping ~*~*~tactically~*~*~ (stealth).
  1664 | D:2      | 1664 ||| Stepping ~*~*~tactically~*~*~ (stealth).
  1671 | D:2      | Reached skill level 4 in Axes
  1677 | D:2      | 1677 ||| Stepping ~*~*~tactically~*~*~ (hiding).
  2098 | D:2      | Reached XP level 4. HP: 13/26 MP: 8/8
  2282 | D:2      | 2282 ||| UPGRADING to +0 ring mail.
  2292 | D:2      | 2292 ||| DROPPING +0 leather armour.
  2293 | D:2      | 2293 ||| DROPPING orb of guile.
  2294 | D:2      | 2294 ||| UPGRADING to amulet of guardian spirit.
  2299 | D:2      | 2299 ||| READING scroll labelled GYLAKO SASEOM.
  2402 | D:2      | 2402 ||| DRINKING 4 clear potions.
  2402 | D:2      | Gained mutation: You have hidden genetic potential. [potion
                  | of mutation]
  2402 | D:2      | Gained mutation: Your muscles are strong. (Str +4, Int/Dex
                  | -1) [potion of mutation]
  2403 | D:2      | 2403 ||| READING 3 scrolls of identify.
  2403 | D:2      | 2403 ||| IDENTIFYING blue potion
  2404 | D:2      | 2404 ||| READING 2 scrolls of identify.
  2404 | D:2      | 2404 ||| IDENTIFYING metallic green potion
  2405 | D:2      | 2405 ||| DROPPING potion of magic.
  2425 | D:3      | 2425 ||| Stepping ~*~*~tactically~*~*~ (stealth).
  2427 | D:3      | 2427 ||| Stepping ~*~*~tactically~*~*~ (stealth).
  2494 | D:3      | Reached skill level 5 in Axes
  2494 | D:3      | 2494 ||| Stepping ~*~*~tactically~*~*~ (stealth).
  2496 | D:3      | 2496 ||| FLEEEEING.
  2497 | D:3      | 2497 ||| FLEEEEING.
  2498 | D:3      | 2498 ||| FLEEEEING.
  2499 | D:3      | 2499 ||| FLEEEEING.
  2500 | D:3      | 2500 ||| FLEEEEING.
  2501 | D:3      | 2501 ||| FLEEEEING.
  2502 | D:3      | 2502 ||| FLEEEEING.
  2503 | D:3      | 2503 ||| FLEEEEING.
  2504 | D:3      | 2504 ||| FLEEEEING.
  2507 | D:3      | 2507 ||| FLEEEEING.
  2508 | D:3      | 2508 ||| FLEEEEING.
  2509 | D:3      | 2509 ||| STAIRDANCE
  2576 | D:2      | 2576 ||| UPGRADING to +0 scale mail.
  2586 | D:2      | 2586 ||| DROPPING +0 ring mail.
  2591 | D:3      | 2591 ||| STAIRDANCE
  2677 | D:3      | Noticed Terence
  2679 | D:3      | 2679 ||| Stepping ~*~*~tactically~*~*~ (stealth).
  2680 | D:3      | 2680 ||| Stepping ~*~*~tactically~*~*~ (stealth).
  2683 | D:3      | 2683 ||| Stepping ~*~*~tactically~*~*~ (stealth).
  2689 | D:3      | Killed Terence
  2733 | D:3      | 2733 ||| Stepping ~*~*~tactically~*~*~ (stealth).
  2757 | D:3      | Gained mutation: Your magical nature lets you fly swiftly
                  | and evasively. [Tengu growth]
  2757 | D:3      | Reached XP level 5. HP: 30/30 MP: 9/9
  2761 | D:3      | 2761 ||| Stepping ~*~*~tactically~*~*~ (hiding).
  3086 | D:3      | 3086 ||| Stepping ~*~*~tactically~*~*~ (stealth).
  3094 | D:3      | Reached skill level 6 in Axes
  3600 | D:3      | 3600 ||| UPGRADING to +0 buckler.
  3605 | D:3      | 3605 ||| UPGRADING to ring of protection from cold.
  3606 | D:3      | 3606 ||| UPGRADING to ring of positive energy.
  3607 | D:3      | 3607 ||| READING 2 scrolls labelled NAISUE VISCHE.
  3608 | D:3      | 3608 ||| DRINKING 2 emerald potions.
  3609 | D:3      | 3609 ||| READING 3 scrolls of identify.
  3609 | D:3      | 3609 ||| IDENTIFYING fizzy white potion
  3610 | D:3      | 3610 ||| DROPPING scroll of fog.
  3611 | D:3      | 3611 ||| DROPPING potion of flight.
  3688 | D:4      | Noticed an ice beast
  3697 | D:4      | Killed an ice beast
  3698 | D:4      | Reached XP level 6. HP: 16/35 MP: 4/10
  3720 | D:4      | Gained mutation: You passively map a small area around you.
                  | [hidden potential]
  3961 | D:4      | Noticed an orc warrior
  3962 | D:4      | 3962 ||| Stepping ~*~*~tactically~*~*~ (hiding).
  3967 | D:4      | 3967 ||| Stepping ~*~*~tactically~*~*~ (hiding).
  3970 | D:4      | Noticed Dowan
  3971 | D:4      | Noticed Duvessa
  3978 | D:4      | Killed an orc warrior
  3980 | D:4      | HP: 1/35 [Duvessa/+0 rapier (8)]
  3981 | D:4      | 3981 ||| DRINKING potion of heal wounds.
  3986 | D:4      | HP: 2/35 [Duvessa/+0 rapier (6)]
  3989 | D:4      | Mangled by Duvessa

Levels and vault maps discovered:
D:1:      dpeg_arrival_lava_altar, layout_basic,
          ebering_ecumenical_altar_sacrificial, minmay_tiny_reverse_x
D:2:      layout_rooms
D:3:      minmay_general_purpose_star, layout_basic, serial_glass,
          glass_columns_c, glass_columns_b, dreamdust_mushroom_princess,
          minmay_fractal_squares_5, uniq_terence
D:4:      layout_basic, nicolae_wu_jian_glorious_leap,
          minmay_temple_entry_from_below_a, uniq_duvessa

Skill      XL: |  1  2  3  4  5 |
---------------+----------------+-----
Axes           | 3 4 5 6 |  6.9
Shields        | 2 |  2.7
Fighting       | |  2.0
Throwing       | |  1.0
Armour         | |  1.1
Dodging        | |  2.1
Spellcasting   | |  2.0
Translocations | |  2.4

Action                   |  1- 3 |  4- 6 || total
-------------------------+-------+-------++-------
Melee: Hand axe          |    84 |    78 ||   162
       Peck              |    10 |    16 ||    26
       Kick              |    17 |    20 ||    37
       Punch             |     1 |     1 ||     2
Throw: Boomerang         |    21 |    31 ||    52
  Use: Scroll            |     1 |     5 ||     6
       Potion            |     1 |     3 ||     4
Armor: Leather armour    |    22 |       ||    22
       Scale mail        |       |    11 ||    11
       Ring mail         |       |     2 ||     2
Dodge: Dodged            |    46 |    30 ||    76
Block: Buckler           |       |     5 ||     5

Table legend:
 A = Non-vault XP
 B = Vault XP
 C = Vault XP percentage of total XP
 D = Non-vault monster count
 E = Vault monster count
 F = Vault count percentage of total count
                 A         B        C        D         E       F
            +---------+---------+-------+---------+---------+-------
      Total |     468 |      70 |  13.0 |      63 |      12 |  16.0
            +---------+---------+-------+---------+---------+-------
        D:1 |      31 |       4 |  11.4 |      19 |       2 |   9.5
        D:2 |      53 |       0 |   0.0 |      19 |       0 |   0.0
        D:3 |      83 |      66 |  44.3 |      21 |      10 |  32.3
        D:4 |     301 |       0 |   0.0 |       4 |       0 |   0.0
            +---------+---------+-------+---------+---------+-------
